 Dungeon Crawl Stone Soup version 0.19.0-19-g8c6edcc (console) character file.

63 HyperMorgan the Digger (level 4, -10/26 HPs)
             Began as a Tengu Earth Elementalist on Nov 14, 2016.
             Mangled by a wyvern zombie (15 damage)
             ... on level 3 of the Dungeon.
             The game lasted 00:05:48 (1915 turns).

HyperMorgan the Digger (Tengu Earth Elementalist)   Turns: 1915, Time: 00:05:49

Health: -10/26     AC:  3    Str:  9    XL:     4   Next: 9%
Magic:  0/8        EV: 12    Int: 16    God:
Gold:   56         SH:  0    Dex: 14    Spells: 2 memorised, 3 levels left

rFire  . . .     SeeInvis .     b - 94 stones
rCold  . . .     Gourm    .     s - +0 leather armour
rNeg   . . .     Faith    .     (no shield)
rPois  .         Spirit   .     (helmet restricted)
rElec  .         Reflect  .     (no cloak)
rCorr  .         Harm     .     (no gloves)
MR     .....                    (boots unavailable)
Stlth  ++........               (no amulet)
                                (no ring)
                                j - ring of wizardry

@: no status effects
A: beak, talons 3
a: no special abilities


You were on level 3 of the Dungeon.
You were not hungry.

You visited 1 branch of the dungeon, and saw 3 of its levels.

You collected 56 gold pieces.

Inventory:

Hand Weapons
 a - a +0 flail
 g - a +0 short sword
 h - a +0 whip
Missiles
 b - 94 stones (in hand)
Armour
 q - a +0 buckler
 s - a +0 leather armour (worn)
 u - a +0 ring mail
Jewellery
 j - a ring of wizardry (left hand)
Scrolls
 c - a scroll of teleportation {unknown}
 f - 2 scrolls of recharging {unknown}
 i - 3 scrolls of identify {unknown}
 n - 2 scrolls of magic mapping {unknown}
 o - a scroll of enchant weapon {unknown}
 r - a scroll of noise {unknown}
 v - a scroll of fear {unknown}
Potions
 k - a potion of lignification {unknown}
 l - a potion of degeneration {unknown}
 p - a potion of curing {unknown}
Books
 e - a book of Geomancy

   Spells                             Type                      Level
   a - Sandblast                      Earth                        1
   b - Passwall                       Transmutation/Earth          2
   c - Stone Arrow                    Conjuration/Earth            3
   d - Petrify                        Transmutation/Earth          4
   e - Lee's Rapid Deconstruction     Earth                        5
Comestibles
 d - 4 bread rations
 m - 2 royal jellies
 t - a meat ration
 w - 3 chunks of flesh


   Skills:
 + Level 1.7 Fighting
 * Level 1.6 Maces & Flails
 - Level 2.1 Dodging
 - Level 2.0 Stealth
 - Level 2.3 Spellcasting
 + Level 1.5 Conjurations
   Level 0.7 Transmutations
 - Level 2.4 Earth Magic


You had 3 spell levels left.
You knew the following spells:

 Your Spells              Type           Power        Failure   Level  Hunger
a - Sandblast             Erth           #.....       4%          1    #......
b - Stone Arrow           Conj/Erth      #.....       16%         3    ###....


Dungeon Overview and Level Annotations

Branches:
Dungeon (3/15)

Altars:


Innate Abilities, Weirdness & Mutations

You have a beak for a mouth.
You have claws for feet.


Message History

Here: a wyvern zombie (moderately damaged)
The floor.
Unknown command.
Unknown command.
Okay, then.
Okay, then.
Unknown command.
Casting: Sandblast
Confirm with . or Enter, or press ? or * to list all spells.
You don't know that spell.
Casting: Sandblast
Confirm with . or Enter, or press ? or * to list all spells.
Aiming: Stone Arrow
Press: ? - help, Shift-Dir - straight line, f/p - wyvern zombie
Aim: a wyvern zombie (moderately damaged)
The stone arrow hits the wyvern zombie.
The wyvern zombie is heavily damaged.
The wyvern zombie bites you!
Ouch! That really hurt!
You die...

▒∙∙▒ ▒▒▒▒∙∙▒ ▒∙∙∙∙∙▒
▒∙∙∙∙∙▒ ▒∙∙∙∙∙▒ ∙ ▒▒▒▒▒∙▒
∙∙∙ ▒▒∙∙▒ ∙∙∙∙∙▒▒▒∙Z▒▒
▒∙▒▒∙∙∙∙∙Q∙▒ ▒∙∙∙∙∙▒▒∙∙∙▒
▒▒∙∙∙∙▒▒∙∙∙▒ ▒∙∙∙∙▒▒∙∙∙▒
▒∙∙∙∙▒∙∙∙∙▒▒▒▒▒
▒∙∙∙∙∙∙∙∙∙∙∙∙∙∙ ▒▒∙
▒∙∙∙∙∙∙∙∙∙∙∙∙∙∙ ∙▒▒∙∙▒▒▒
▒▒∙∙∙∙∙∙∙∙∙>∙∙∙∙∙∙∙∙∙∙∙∙∙
▒>∙∙▒∙∙∙∙∙∙∙∙∙∙∙∙∙∙∙∙∙∙∙


You could see a wyvern zombie.

Vanquished Creatures
  A gnoll (D:1)
  An adder (D:3)
  2 oozes
  A dart slug (D:1)
  A leopard gecko (D:3)
  4 bats (D:1)
  A giant cockroach (D:1)
  5 goblins
  2 hobgoblins (D:1)
  5 kobolds
  3 frilled lizards (D:2)
  6 rats
32 creatures vanquished.

Notes
Turn   | Place    | Note
-------+----------+-------------------------------------------
     0 | D:1      | HyperMorgan the Tengu Earth Elementalist began the quest for the Orb.
     0 | D:1      | Reached XP level 1. HP: 10/10 MP: 4/4
   298 | D:1      | Reached skill level 1 in Fighting
   298 | D:1      | Reached XP level 2. HP: 2/16 MP: 0/6
   751 | D:1      | Reached XP level 3. HP: 19/20 MP: 7/7
   869 | D:1      | Reached skill level 1 in Maces & Flails
   899 | D:1      | Learned a level 3 spell: Stone Arrow
  1359 | D:2      | Reached skill level 1 in Conjurations
  1725 | D:3      | Reached XP level 4. HP: 25/25 MP: 5/8
  1915 | D:3      | Mangled by a wyvern zombie

Skill      XL: |  1  2  3 |
---------------+----------+-----
Fighting       | 1 |  1.7
Maces & Flails | 1 |  1.6
Conjurations   | 1 |  1.5
Dodging        | |  2.1
Stealth        | |  2.0
Spellcasting   | |  2.3
Transmutations | |  0.7
Earth Magic    | |  2.4

Action                   |  1- 3 |  4- 6 || total
-------------------------+-------+-------++-------
Melee: Unarmed           |    10 |       ||    10
       Kick              |     7 |     2 ||     9
       Peck              |     5 |       ||     5
       Short sword       |     1 |       ||     1
       Whip              |    46 |       ||    46
       Flail             |     5 |     8 ||    13
 Cast: Sandblast         |     9 |     6 ||    15
       Stone Arrow       |       |     1 ||     1
 Stab: Sleeping          |     4 |       ||     4
  Eat: Chunk             |     3 |       ||     3
Armor: Robe              |     6 |       ||     6
       Leather armour    |     1 |     3 ||     4
Dodge: Dodged            |    36 |     7 ||    43
